 Dungeon Crawl Stone Soup version 0.17-a0-2127-g1cb09f6 (webtiles) character file.

67 youngkai the Cudgeler (level 4, -3/41 HPs)
             Began as a Minotaur Berserker on Oct 22, 2015.
             Was a Believer of Trog.
             Slain by an orc
             ... wielding a +0 trident
              (5 damage)
             ... on level 3 of the Dungeon.
             The game lasted 00:07:54 (1465 turns).

youngkai the Cudgeler (Minotaur Berserker)          Turns: 1465, Time: 00:07:54

Health: -3/41      AC:  6    Str: 23    XL:     4   Next: 0%
Magic:  3/3        EV: 10    Int:  4    God:    Trog [**....]
Gold:   65         SH:  0    Dex:  9    Spells: 0 memorised, 3 levels left

rFire  . . .     SeeInvis .     a - +0 mace
rCold  . . .     Clarity  .     m - +0 scale mail
rNeg   . . .     SustAt   .     (no shield)
rPois  .         Gourm    .     (helmet restricted)
rElec  .         Spirit   .     (no cloak)
rCorr  .         Warding  .     (no gloves)
rMut   .         Stasis   .     (no boots)
MR     .....                    (no amulet)
Stlth  ..........               (no ring)
                                (no ring)

@: confused, not resistant to hostile enchantments, extremely unstealthy
A: retaliatory headbutt, horns 2
a: Berserk, Trog's Hand, Burn Spellbooks, Renounce Religion


You were on level 3 of the Dungeon.
You worshipped Trog.
Trog was pleased with you.
You were not hungry.

You visited 1 branch of the dungeon, and saw 3 of its levels.

You collected 65 gold pieces.

Inventory:

Hand Weapons
 a - a +0 mace (weapon)
Armour
 m - a +0 scale mail (worn)
 n - a +1 shield of fire resistance
Scrolls
 d - a scroll of blinking {unknown}
 e - 5 scrolls of identify {unknown}
 g - a scroll of teleportation {unknown}
 k - a scroll of enchant weapon {unknown}
 p - a scroll of amnesia {unknown}
 q - a scroll of magic mapping {unknown}
Potions
 f - a potion of brilliance {unknown}
 h - a potion of resistance {unknown}
 i - 2 potions of curing {unknown}
 j - 2 potions of degeneration {unknown}
 o - a potion of cure mutation {unknown}
 s - a potion of magic {unknown}
Comestibles
 b - a royal jelly
 c - a bread ration
 l - a slice of pizza
 r - a meat ration
 t - 4 chunks of flesh


   Skills:
 + Level 4.4 Fighting
 * Level 5.0 Maces & Flails
 + Level 2.9 Armour
 - Level 2.1 Dodging


You had 3 spell levels left.
You didn't know any spells.

Dungeon Overview and Level Annotations

Branches:
Dungeon (3/15)

Altars:
Elyvilon
Kikubaaqudgha
Makhleb

Annotations:
D:3 Jessica


Innate Abilities, Weirdness & Mutations

You reflexively headbutt those who attack you in melee.
You have a pair of horns on your head.


Message History

Jessica seems to speed up.
The orc hits you with a trident.
* * * LOW HITPOINT WARNING * * *
Jessica zaps a wand.
You are more confused.
The orc hits you with a trident.
* * * LOW HITPOINT WARNING * * *
Jessica zaps a wand.
You resist with some effort.
Jessica zaps a wand.
You resist with some effort. The orc closely misses you.
Jessica shouts, "You're disturbing me!
I'll have to kill you!"
You see here 12 arrows.
Jessica mumbles some strange words.
Jessica blinks!
Jessica zaps a wand.
You resist with some effort.
The orc hits you from afar with a trident.
* * * LOW HITPOINT WARNING * * *
Jessica zaps a wand.
You resist with some effort.
Jessica zaps a wand.
You are more confused.
The orc hits you with a trident.
You die...

.#.....##....####รท........
##........................
...................########
...................'.......
...................########
..#................# ....
..#....#.........### .....
..##.###.........#####.....
..##.# #........@.@........
...... #...(...(o.?........
.... +...................
#....#..............
######.........###..
####......# . #......#
........... ..............


You could see Jessica and an orc.

Vanquished Creatures
  2 adders (D:2)
  A worm (D:2)
  5 bats
  A giant cockroach (D:2)
  5 goblins
  6 hobgoblins
  3 jackals (D:3)
  7 kobolds
  A ball python (D:1)
  2 giant geckos
  2 giant newts (D:2)
  9 rats
44 creatures vanquished.

Notes
Turn   | Place    | Note
--------------------------------------------------------------
     0 | D:1      | youngkai the Minotaur Berserker began the quest for the Orb.
     0 | D:1      | Reached XP level 1. HP: 19/19 MP: 0/0
   264 | D:1      | Reached skill level 4 in Maces & Flails
   495 | D:1      | Reached XP level 2. HP: 27/27 MP: 1/1
   844 | D:2      | Reached ** piety under Trog
   874 | D:2      | Reached XP level 3. HP: 31/33 MP: 2/2
   937 | D:2      | Found a faded altar to an unknown god.
  1230 | D:2      | Reached skill level 5 in Maces & Flails
  1280 | D:2      | Found a burning altar of Makhleb.
  1287 | D:2      | Found an ancient bone altar of Kikubaaqudgha.
  1291 | D:2      | Found a white marble altar of Elyvilon.
  1398 | D:3      | Reached XP level 4. HP: 33/41 MP: 3/3
  1411 | D:3      | Noticed Jessica
  1464 | D:3      | HP: 2/41 [orc/trident (3)]
  1465 | D:3      | Slain by an orc

Vault maps used:
D:1:      lightli_arrival_farm
D:2:      minitemple, ecumenical_altar_2
D:3:      minivault_5, uniq_terence, uniq_jessica

Action                   |  1- 3 |  4- 6 || total
-------------------------+-------+-------++-------
Melee: Mace              |    74 |     6 ||    80
  Eat: Chunk             |     2 |       ||     2
